 Dungeon Crawl Stone Soup version 0.31.0-12-g77e489cdc1 (webtiles) character file.

Game seed: 465469741839026629

163 Gadfly the Shield-Bearer (level 5, -4/33 HPs)
             Began as a Gargoyle Fighter on Mar 1, 2024.
             Was a Believer of Zin.
             Slain by an ogre
             ... wielding a +0 giant club
              (25 damage)
             ... on level 4 of the Dungeon.
             The game lasted 00:05:56 (2578 turns).

Gadfly the Shield-Bearer (Gargoyle Fighter)         Turns: 2578, Time: 00:05:57

Health: -4/33      AC: 14    Str: 20    XL:     5   Next: 44%
Magic:  6/6        EV:  7    Int:  8    God:    Zin [**....]
Gold:   1213       SH:  4    Dex: 11    Spells: 4/4 levels left

rFire   . . .        a - +1 flail
rCold   . . .        c - +0 buckler
rNeg    + . .        f - +0 chain mail
rPois   ∞            (no helmet)
rElec   +            i - +0 cloak
rCorr   .            (no gloves)
SInv    .            (no boots)
Will    .....        (no amulet) Stlth
                     b - ring of flight
HPRegen 0.25/turn    (no ring)
MPRegen 0.10/turn

%: no passive effects
@: flying
A: sickness immunity, AC +4, negative energy resistance 1, electricity
resistance, torment resistance 1, petrification resistance
a: Renounce Religion, Recite, Vitalisation, Donate Gold


You were on level 4 of the Dungeon.
You worshipped Zin.
Zin was pleased with you.
You visited 1 branch of the dungeon, and saw 4 of its levels.

You collected 1336 gold pieces.
You donated 123 gold pieces to Zin.

Inventory:

Hand Weapons
 a - a +1 flail (weapon)
Armour
 c - a +0 buckler (worn)
 f - a +0 chain mail (worn)
 i - a +0 cloak (worn)
Jewellery
 b - a ring of flight (left hand)
Wands
 m - a wand of polymorph (20)
Scrolls
 l - 2 scrolls of teleportation
Potions
 d - 3 potions of might
 e - a potion of degeneration {unknown}
 g - a potion of brilliance {unknown}
 h - a potion of curing {unknown}
 j - a potion of heal wounds {unknown}


   Skills:
 + Level 3.7 Fighting
 * Level 3.0 Maces & Flails
 + Level 3.7 Armour
 + Level 3.9 Shields
 * Level 2.2 Invocations
 * Level 1.9 Evocations


You had 4 spell levels left.
You didn't know any spells.
Your spell library contained the following spells:

 Spells                   Type           Power      Damage    Failure   Level
 Fugue of the Fallen      Necr           0%         N/A       100%        3
 Ozocubu's Armour         Ice            0%         N/A       100%        3
 Manifold Assault         Tloc           0%         N/A       100%        4
 Passage of Golubria      Tloc           0%         N/A       100%        4
 Silence                  Hex/Air        0%         N/A       100%        5
 Haunt                    Necr/Summ      0%         N/A       100%        7
 Borgnjor's Revivificati  Necr           0%         N/A       100%        8
 Lehudib's Crystal Spear  Conj/Erth      0%         10d2      100%        8
 Death's Door             Necr           0%         N/A       100%        9


Dungeon Overview and Level Annotations

Branches:
Dungeon (4/15)
 Temple: D:4-7

Altars:
Qazlal
Zin


Innate Abilities, Weirdness & Mutations

You are immune to sickness and miasma.
Your stone body is resilient. (AC +4)
You are immune to poison.
You resist negative energy. (rN+)
You are resistant to electric shocks. (rElec)
You are resistant to unholy torment.
You are immune to petrification.


Message History

You feel less confused. Something hits you but does no damage.
Something hits you. Something hits you but does no damage.
You hear some strange, mumbled words.
You are confused.
There is a stone staircase leading up here.
Something hits you but does no damage.
There is a stone staircase leading up here.
Something hits you.
You feel less confused.
An orc wizard appears from thin air!
Reactivating autopickup.
The orc wizard casts a spell at you.
You are confused.
You fly upwards.
There is a stone staircase leading down here.
You closely miss the orc wizard.
The orc wizard is heavily wounded.
The orc wizard hits you but does no damage.
Unknown command.
The orc wizard attacks as it pursues you!
The orc wizard hits you with a +0 dagger.
You closely miss the orc wizard.
The orc wizard is heavily wounded.
The orc wizard hits you but does no damage.
The orc wizard closely misses you.
You sock the orc wizard!
You kill the orc wizard!
You feel less confused.
Your Maces & Flails skill increases to level 3!
No target in view!
You start resting.
HP restored.
There is a stone staircase leading down here.
You fly downwards.
The ogre hits you with a +0 giant club!
There is a stone staircase leading up here.
You completely miss the ogre.
The ogre hits you with a +0 giant club!!
Ouch! That really hurt!
You die...

######{#
#......#
#.###### #.#
#.# #o# #.#
#.# #######
#.# #@O...#
#.########.#
#......O...#
############


You could see an ogre.

Vanquished Creatures
  Crazy Yiuf (D:2)
  An orc wizard (D:3)
  An iguana (D:4)
  4 adders
  3 ribbon worms
  2 dart slugs
  2 bats (D:1)
  4 endoplasms
  A giant cockroach (D:2)
  2 goblins (D:2)
  2 hobgoblins
  3 quokkas
  3 ball pythons
  3 frilled lizards
  6 kobolds
  A rat (D:2)
39 creatures vanquished.

Notes
Turn   | Place    | Note
-------+----------+-------------------------------------------
     0 | D:1      | Gadfly the Gargoyle Fighter began the quest for the Orb.
     0 | D:1      | Reached XP level 1. HP: 14/14 MP: 1/1
   402 | D:1      | Reached XP level 2. HP: 19/19 MP: 2/2
   726 | D:2      | Reached skill level 1 in Invocations
   898 | D:2      | Reached XP level 3. HP: 23/23 MP: 3/3
   984 | D:2      | Reached skill level 1 in Evocations
  1354 | D:2      | Identified a scroll of acquirement
  1354 | D:2      | Acquired 1229 gold pieces
  1385 | D:2      | Found a runed translucent door.
  1386 | D:2      | Noticed Crazy Yiuf
  1586 | D:2      | Killed Crazy Yiuf
  1587 | D:2      | Reached XP level 4. HP: 18/28 MP: 5/5
  1938 | D:3      | Found a stormy altar of Qazlal.
  2127 | D:3      | Found a faded altar of an unknown god.
  2214 | D:3      | Found a glowing silver altar of Zin.
  2268 | D:3      | Became a worshipper of Zin the Law-Giver
  2268 | D:3      | Reached * piety under Zin
  2268 | D:3      | Reached ** piety under Zin
  2429 | D:4      | Reached XP level 5. HP: 17/33 MP: 6/6
  2433 | D:4      | Noticed an ogre
  2578 | D:4      | Slain by an ogre

Illustrated notes

Levels and vault maps discovered:
D:1:      dpeg_arrival_rhombus, layout_loops_ring, dk_noncrumbling_3
D:2:      layout_basic, chequers_serial_rivers_large_b,
          minmay_misc_feat_secret_circle, uniq_crazy_yiuf_cottage
D:3:      layout_rooms, lemuel_tele_altar, nicolae_qazlal_general_emergency,
          shapermc_ecumenical_altar_petra
D:4:      layout_basic, uniq_pikel, uniq_grinder

Skill      XL: |  1  2  3  4  5 |
---------------+----------------+-----
Invocations    | 1 2 |  2.2
Evocations     | 1 |  1.9
Maces & Flails | 3 |  3.0
Fighting       | |  3.7
Armour         | |  3.7
Shields        | |  3.9

Action                     |  1- 3 |  4- 6 || total
---------------------------+-------+-------++-------
  Melee: Flail             |   101 |    82 ||   183
    Use: Scroll            |     5 |     1 ||     6
         Potion            |     1 |     2 ||     3
 Armour: Chain mail        |    70 |    63 ||   133
         Scale mail        |     8 |       ||     8
  Dodge: Dodged            |    56 |    25 ||    81
  Block: Buckler           |    24 |    19 ||    43
